 Dungeon Crawl Stone Soup version 0.27-a0-1281-ge233d83751 (webtiles) character file.

Game seed: 10657358910589297133

87964 siradein the Basher (level 15, -6/78 HPs)
             Began as a Vine Stalker Fighter on June 11, 2021.
             Was the Champion of Fedhas.
             Killed from afar by a manticore (10 damage)
             ... with a volley of spikes
             ... on level 12 of the Dungeon on June 14, 2021.
             The game lasted 01:58:04 (23529 turns).

siradein the Basher (Vine Stalker Fighter)         Turns: 23529, Time: 01:58:06

Health: -6/78      AC: 28    Str: 27    XL:     15   Next: 92%
Magic:  0/29       EV:  5    Int: 12    God:    Fedhas [******]
Gold:   934        SH: 18    Dex: 16    Spells: 32/32 levels left

rFire    + + +     SeeInvis +   t - +2 whip (flame)
rCold    + . .     Faith    .   e - +0 tower shield
rNeg     + . .     Spirit   +   g - +1 chain mail of Mental Paralysis {rF+ rN+ rCorr Int+4}
rPois    .         Reflect  .   p - +0 helmet
rElec    .         Harm     .   q - +0 cloak
rCorr    +         Rampage  .   v - +1 pair of gloves
Will     +....                  T - +2 pair of boots
Stlth    ..........             f - amulet of the Establishment {RegenMP rF+ SInv}
HPRegen  1.23/turn              P - ring of the Tortoise {AC+8}
MPRegen  0.46/turn              H - ring of Dawn {rF+ rC+ Str+4 Stlth+}

@: spiked
A: fangs 3, regeneration 1, magic shield, antimagic bite, no potion heal 2
a: Renounce Religion, Wall of Briars, Grow Ballistomycete, Overgrow, Grow Oklob


You were on level 12 of the Dungeon.
You worshipped Fedhas.
Fedhas was exalted by your worship.
You visited 3 branches of the dungeon, and saw 20 of its levels.

You collected 2136 gold pieces.
You spent 1202 gold pieces at shops.

Inventory:

Hand Weapons
 t - a +2 whip of flaming (weapon)
Missiles
 a - 12 atropa-tipped darts (quivered)
 B - 11 javelins
 X - a throwing net
Armour
 e - a +0 tower shield (worn)
 g - the +1 chain mail of Mental Paralysis (worn) {rF+ rN+ rCorr Int+4}
   (You took it off a wight on level 8 of the Dungeon)

   It affects your intelligence (+4).
   It protects you from fire.
   It protects you from negative energy.
   It protects you from acid and corrosion.
 p - a +0 helmet (worn)
 q - a +0 cloak (worn)
 v - a +1 pair of gloves (worn)
 T - a +2 pair of boots (worn)
Jewellery
 c - a ring of flight
 f - the amulet of the Establishment (around neck) {RegenMP rF+ SInv}
   (You bought it in a shop on level 6 of the Dungeon)

   [amulet of magic regeneration]

   It increases your rate of magic regeneration.
   It protects you from fire.
   It lets you see invisible.
 o - a +4 ring of slaying
 H - the ring of Dawn (right hand) {rF+ rC+ Str+4 Stlth+}
   (You found it on level 7 of the Dungeon)

   [ring of protection from cold]

   It affects your strength (+4).
   It protects you from fire.
   It protects you from cold.
   It makes you more stealthy.
 O - the ring of Bip Zyf {MP+9 Str+3}
   (You bought it in a shop on level 6 of the Dungeon)

   [ring of magical power]

   It affects your strength (+3).
   It affects your magic capacity (+9).
 P - the ring of the Tortoise (left hand) {AC+8}
   (You took it off an orc warrior on level 9 of the Dungeon)

   [ring of protection]

   It affects your AC (+8).
Wands
 d - a wand of digging (4)
 A - a wand of charming (16)
 E - a wand of acid (10)
 J - a wand of iceblast (25)
 M - a wand of paralysis (15)
 N - a wand of polymorph (4)
 Y - a wand of flame (19)
 Z - a wand of mindburst (16)
Scrolls
 b - a scroll of brand weapon
 h - 3 scrolls of enchant weapon {unknown}
 i - 2 scrolls of enchant armour {unknown}
 j - 7 scrolls of teleportation
 k - 3 scrolls of fear {unknown}
 l - 4 scrolls of fog {unknown}
 w - 2 scrolls of summoning
 x - a scroll of torment {unknown}
 y - 3 scrolls of immolation
 D - 5 scrolls of noise {unknown}
 G - a scroll of vulnerability {unknown}
 L - a scroll of magic mapping
Potions
 m - 6 potions of mutation
 n - 2 potions of resistance
 s - 7 potions of curing
 u - a potion of lignification
 z - 6 potions of flight
 F - a potion of berserk rage
 I - 2 potions of haste
 K - a potion of attraction
 Q - 3 potions of ambrosia
 R - 7 potions of brilliance
 V - a potion of experience {unknown}
 W - 2 potions of heal wounds {unknown}
Miscellaneous
 r - a piece from Xom's chessboard (15/15)
 S - a phial of floods
 U - a box of beasts


   Skills:
 + Level 8.9 Fighting
 - Level 14.0 Maces & Flails
 + Level 8.0 Armour
 + Level 8.7 Shields
 + Level 9.1 Spellcasting
 + Level 13.6 Invocations
 + Level 5.9 Evocations


You had 32 spell levels left.
You didn't know any spells.
Your spell library contained the following spells:

 Spells                   Type           Power      Damage    Failure   Level
 Animate Skeleton         Necr           10%        N/A       99%         1
 Apportation              Tloc           10%        N/A       99%         1
 Corona                   Hex            5%         N/A       99%         1
 Pain                     Necr           20%        1d5       99%         1
 Summon Small Mammal      Summ           20%        N/A       99%         1
 Corpse Rot               Necr/Air       N/A        N/A       100%        2
 Ensorcelled Hibernation  Hex/Ice        10%        N/A       100%        2
 Sublimation of Blood     Necr           2%         N/A       100%        2
 Confusing Touch          Hex            5%         N/A       100%        3
 Dazzling Flash           Conj/Hex       10%        N/A       100%        3
 Gell's Gravitas          Tloc           2%         N/A       100%        3
 Lesser Beckoning         Tloc           2%         N/A       100%        3
 Tukima's Dance           Hex            5%         N/A       100%        3
 Vampiric Draining        Necr           2%         2d6       100%        3
 Animate Armour           Summ/Erth      10%        N/A       100%        4
 Animate Dead             Necr           2%         N/A       100%        4
 Cause Fear               Hex            2%         N/A       100%        4
 Dispel Undead            Necr           5%         3d7       100%        4
 Petrify                  Tmut/Erth      5%         N/A       100%        4
 Agony                    Necr           5%         N/A       100%        5
 Alistair's Intoxication  Tmut/Pois      3%         N/A       100%        5
 Borgnjor's Vile Clutch   Necr/Erth      2%         N/A       100%        5
 Excruciating Wounds      Necr           2%         N/A       100%        5
 Metabolic Englaciation   Hex/Ice        2%         N/A       100%        5
 Silence                  Hex/Air        2%         N/A       100%        5
 Yara's Violent Unravell  Hex/Tmut       2%         3d3       100%        5
 Invisibility             Hex            2%         N/A       100%        6
 Shadow Creatures         Summ           N/A        N/A       100%        6
 Discord                  Hex            2%         N/A       100%        8


Dungeon Overview and Level Annotations

Branches:
Dungeon (12/15)            Temple (0/1) D:4            Lair (6/6) D:9
 Shoals (0/4) Lair:2       Spider (0/4) Lair:2        Slime (0/5) Lair:6
    Orc (2/2) D:11            Elf (0/3) Orc:2

Altars:
Ashenzari
Dithmenos
Fedhas
Hepliaklqana
Nemelex Xobeh
Ru
Sif Muna
Uskayaw
Yredelemnul
Beogh

Shops:
D:6 :=*?*   D:7 !   D:8 (   Orc:1 =   Orc:2 =*([

Annotations:
Lair:6 exclusion: obsidian statue


Innate Abilities, Weirdness & Mutations

You have razor-sharp teeth.
Your natural rate of healing is unusually fast.
When hurt, damage is shared between your health and your magic reserves.
Your bite disrupts and absorbs the magic of your enemies.
Potions cannot restore your health.


Message History

The manticore flicks its tail.
The volley of spikes misses you.
The centaur shoots an arrow.
The arrow barely misses you.
You carefully extract the barbed spikes from your body.
The centaur shoots an arrow.
The arrow hits you!
The manticore flicks its tail.
The volley of spikes hits you!!
The barbed spikes become lodged in your body.
* * * LOW HITPOINT WARNING * * *
The centaur zaps a wand.
You resist with almost no effort.
The centaur shoots an arrow.
The arrow hits you.
* * * LOW HITPOINT WARNING * * *
The manticore flicks its tail.
The volley of spikes hits you!
The barbed spikes become lodged in your body.
* * * LOW HITPOINT WARNING * * *
Your magical effects are unravelling.
You feel magically purged.
Your transformation has ended.
Your +2 whip of flaming unmelds from your body.
Your +0 cloak unmelds from your body.
Your +0 helmet unmelds from your body.
Your +1 pair of gloves unmelds from your body.
Your +2 pair of boots unmelds from your body.
Your +0 tower shield unmelds from your body.
The +1 chain mail of Mental Paralysis {rF+ rN+ rCorr Int+4} unmelds from your body.
The ring of the Tortoise {AC+8} unmelds from your body.
The ring of Dawn {rF+ rC+ Str+4 Stlth+} unmelds from your body.
Your +2 whip of flaming bursts into flame!
The centaur shoots an arrow.
The arrow hits you but does no damage.
The manticore flicks its tail.
The volley of spikes hits you but does no damage.
The centaur shoots an arrow.
You block the arrow.
As you read the scroll of summoning, it crumbles to dust.
Wisps of shadow whirl around you...
The centaur zaps a wand.
Your slime creature evaporates and reforms as a cyclops!
The manticore flicks its tail.
The volley of spikes hits you!
The barbed spikes become lodged in your body.
You die...
Fedhas appreciates your contribution to the ecosystem.

...............># ..<..(.#
.....##.#.####### ......#
.###.##.#.# ..... ...#.##†#.#
... ...#.##.#.# ########'##
.....##.#.# ########...#(....#
........#.# #.......J..###...#
##.######.####...........H....#
................@[..H[.....†..#
##..#####.####.T.CJ...........#
##.# #.# #................#
#.#####.# #.....cJ.........#
#....##.# #..J.............#
#....##.# #................#
#....##.# #.......##########
#....##.# #...(...# ##...#
#.......#


You could see a manticore (ally target), a centaur (ally target), 4 friendly
slime creatures, a friendly cyclops (summoned) and a friendly troll (summoned).

Vanquished Creatures
  Rupert (Lair:4)
  The ghost of Diuce the Geomancer, a journeyman OpEE of Sif Muna (Lair:5)
  4 dire elephants (Lair:6)
  Nessos (D:12)
  Josephine (Lair:4)
  14 hydras
  4 boulder beetles
  2 catoblepae
  2 centaur warriors (D:10)
  3 two-headed ogres
  8 death yaks
  A tengu warrior (D:9)
  A spectral dire elephant (Lair:6)
  Nergalle (Lair:3)
  4 orc high priests (Orc:1)
  A spectral death yak (Lair:6)
  A spectral anaconda (Lair:6)
  Pikel (D:4)
  5 orc knights (Orc:1)
  5 orc sorcerers
  3 necromancers (Lair:6)
  A cyclops (D:9)
  An ugly thing (D:9)
  5 manticores
  A dire elephant zombie (Lair:6)
  Maurice (D:10)
  Joseph (D:8)
  13 elephants (Lair:6)
  2 torpor snails
  2 black mambas
  10 cane toads
  Maggie (Lair:2)
  2 unseen horrors
  A kobold demonologist (D:9)
  9 komodo dragons
  3 rime drakes
  An efreet (D:9)
  A wind drake (Lair:2)
  A tengu conjurer (D:9)
  4 polar bears
  7 trolls
  2 hornets
  18 blink frogs
  3 spectral elephants (Lair:6)
  2 vampires
  A shadow (D:9)
  27 yaks
  6 wraiths
  5 basilisks
  8 wyverns
  A death yak simulacrum (Lair:6)
  4 vampire mosquitoes (D:12)
  4 spectral cane toads (Lair:6)
  The ghost of iNFECTIOUSiTCH the Sneak, an amateur OpBr (D:4)
  4 wargs
  Menkaure (D:7)
  3 acid dragons
  20 water moccasins
  4 black bears
  2 elephant zombies (Lair:6)
  3 sky beasts
  28 orc warriors
  2 ice beasts
  A necrophage (D:5)
  33 wolves
  5 centaurs
  8 ogres
  A phantom (D:4)
  An elephant skeleton (Lair:6)
  3 kobold brigands
  2 scorpions (D:5)
  12 bullfrogs
  4 cane toad simulacra (Lair:6)
  A wyvern zombie (D:5)
  A wyvern skeleton (D:6)
  A water moccasin skeleton (D:5)
  4 killer bees
  2 elephant simulacra (Lair:6)
  8 wights
  An electric eel (Lair:3)
  6 howler monkeys
  A vampire bat (Orc:2)
  5 centaur zombies
  3 bullfrog zombies
  2 jellies
  21 orc priests
  A centaur skeleton (D:6)
  A bullfrog skeleton (D:6)
  3 hounds
  Jessica (D:3)
  Terence (D:1)
  3 iguanas
  Natasha (thrice) (D:2)
  29 orc wizards
  4 killer bee zombies
  3 hound zombies (D:5)
  A hound skeleton (D:4)
  6 adders
  A howler monkey skeleton (D:6)
  2 shadow imps
  A white imp (D:6)
  An ufetubus (D:5)
  A worm (D:2)
  A dart slug (D:3)
  73 orcs
  3 ball pythons
  13 bats
  9 endoplasms
  3 giant cockroaches
  7 goblins
  4 hobgoblins
  5 jackals
  A quokka (D:4)
  2 frilled lizards
  20 kobolds
  7 rats
  2 ballistomycete spores
618 creatures vanquished.

Vanquished Creatures (collateral kills)
  An orc knight (D:10)
  A cane toad (Lair:3)
  A komodo dragon (Lair:3)
  2 blink frogs (Lair:3)
  A yak (Lair:3)
  A wyvern (Lair:3)
  A wolf (Lair:3)
  A bullfrog (Lair:3)
  4 killer bees (D:10)
  34 ballistomycete spores
47 creatures vanquished.

Vanquished Creatures (others)
  2 ballistomycete spores
  A bush (Lair:3)
  58 fungi
  58 plants
  19 withered plants (Lair:6)
138 creatures vanquished.

Grand Total: 803 creatures vanquished

Notes
Turn   | Place    | Note
-------+----------+-------------------------------------------
     0 | D:1      | siradein the Vine Stalker Fighter began the quest for the
                  | Orb.
     0 | D:1      | Reached XP level 1. HP: 11/11 MP: 2/2
    43 | D:1      | Reached skill level 2 in Maces & Flails
    95 | D:1      | Reached XP level 2. HP: 7/16 MP: 3/3
   511 | D:1      | Found a faded altar of an unknown god.
   647 | D:1      | Reached skill level 3 in Maces & Flails
   685 | D:1      | Reached XP level 3. HP: 17/19 MP: 2/4
  1172 | D:2      | Noticed Terence
  1333 | D:1      | Killed Terence
  1334 | D:1      | Gained mutation: Your natural rate of healing is unusually
                  | fast. [Vine Stalker growth]
  1334 | D:1      | Reached XP level 4. HP: 5/18 MP: 5/5
  1373 | D:2      | Noticed Natasha
  1397 | D:2      | Killed Natasha
  1398 | D:2      | Reached skill level 4 in Maces & Flails
  1406 | D:2      | Noticed Natasha
  1418 | D:2      | Killed Natasha
  1457 | D:2      | Reached XP level 5. HP: 27/27 MP: 6/6
  1494 | D:2      | Noticed Natasha
  1501 | D:2      | Killed Natasha
  1732 | D:3      | Reached skill level 5 in Maces & Flails
  1984 | D:3      | Noticed Jessica
  1990 | D:3      | Killed Jessica
  1991 | D:3      | Reached XP level 6. HP: 32/32 MP: 7/7
  2327 | D:4      | Found a sacrificial altar of Ru.
  2327 | D:4      | Found a blossoming altar of Fedhas.
  2328 | D:4      | Found a sparkling altar of Nemelex Xobeh.
  2339 | D:4      | Became a worshipper of Fedhas Madash
  2404 | D:4      | Reached skill level 1 in Invocations
  2422 | D:4      | Found a shadowy altar of Dithmenos.
  2457 | D:4      | Reached skill level 6 in Maces & Flails
  2893 | D:4      | Found a hide-covered altar of Uskayaw.
  2900 | D:4      | Noticed Pikel
  2916 | D:4      | Killed Pikel
  2917 | D:4      | Reached skill level 7 in Maces & Flails
  2917 | D:4      | Reached XP level 7. HP: 23/35 MP: 5/11
  2917 | D:4      | Gained mutation: You have razor-sharp teeth. [Vine Stalker
                  | growth]
  2917 | D:4      | Reached XP level 8. HP: 26/39 MP: 5/12
  3141 | D:4      | Found a staircase to the Ecumenical Temple.
  3252 | D:4      | Found a runed translucent gate.
  3253 | D:4      | Found a runed translucent gate.
  3253 | D:4      | Noticed iNFECTIOUSiTCH's ghost (amateur OpBr)
  3254 | D:4      | Found a runed translucent gate.
  3440 | D:5      | Entered Level 5 of the Dungeon
  3575 | D:5      | Reached skill level 5 in Invocations
  3603 | D:5      | Reached skill level 8 in Maces & Flails
  3642 | D:5      | Noticed a two-headed ogre
  3663 | D:5      | Reached * piety under Fedhas
  3745 | D:5      | Reached XP level 9. HP: 43/43 MP: 12/14
  3984 | D:5      | Reached skill level 9 in Maces & Flails
  4120 | D:5      | Upgraded the game from 0.27-a0-1256-gced786f65e to
                  | 0.27-a0-1273-gec92ba881d
  4236 | D:5      | Killed a two-headed ogre
  4355 | D:6      | Found Iffimas's Magic Scroll Emporium.
  4364 | D:6      | Bought a scroll of identify for 24 gold pieces
  4371 | D:6      | Upgraded the game from 0.27-a0-1273-gec92ba881d to
                  | 0.27-a0-1281-ge233d83751
  4377 | D:6      | Found Gatul's General Store.
  4558 | D:6      | Found Ybin's Assorted Antiques.
  4632 | D:6      | Found Ovuabieg's Jewellery Shop.
  4679 | D:6      | Reached XP level 10. HP: 47/47 MP: 17/17
  4719 | D:6      | Found Iseeh's Book Emporium.
  4726 | D:6      | Reached ** piety under Fedhas
  4727 | D:6      | Reached skill level 10 in Maces & Flails
  5219 | D:7      | Noticed Menkaure
  5242 | D:7      | Killed Menkaure
  5271 | D:7      | Found a basalt altar of Yredelemnul.
  5312 | D:7      | Found Moiceth's Distillery.
  5392 | D:7      | Found the +3 Elemental Staff {rElec rF++ rC++ Will++ AC+5}
  5511 | D:7      | Identified the ring of Dawn {rF+ rC+ Str+4 Stlth+}
  5614 | D:7      | Found a hazy altar of Hepliaklqana.
  5866 | D:8      | Found a broken altar of Ashenzari.
  5920 | D:8      | Found Feepig's Weapon Shoppe.
  6017 | D:8      | Noticed Joseph
  6043 | D:8      | Killed Joseph
  6277 | D:8      | Reached skill level 11 in Maces & Flails
  6497 | D:8      | Noticed a two-headed ogre
  6737 | D:8      | Identified the +1 chain mail of Mental Paralysis {rF+ rN+
                  | rCorr Int+4}
  6930 | D:9      | Reached *** piety under Fedhas
  6972 | D:9      | Noticed a four-headed hydra
  7005 | D:9      | Killed a four-headed hydra
  7006 | D:9      | Reached skill level 10 in Invocations
  7006 | D:9      | Reached XP level 11. HP: 28/51 MP: 15/19
  7109 | D:9      | Reached skill level 12 in Maces & Flails
  7112 | D:9      | Found a staircase to the Lair.
  7143 | D:9      | Noticed a tengu warrior
  7170 | D:9      | Killed a tengu warrior
  7174 | D:9      | Paralysed by a tengu conjurer for 3 turns
  7583 | D:9      | Noticed a manticore
  7590 | D:9      | Killed a manticore
  7598 | D:9      | Noticed a cyclops
  7602 | D:9      | Killed a cyclops
  7603 | D:9      | Noticed a purple ugly thing
  7611 | D:9      | Killed a purple ugly thing
  7892 | D:8      | Noticed a manticore
  7927 | D:8      | Killed a manticore
  8297 | D:6      | Bought the ring of Bip Zyf {MP+9 Str+3} for 399 gold pieces
  8418 | D:10     | Entered Level 10 of the Dungeon
  8420 | D:10     | Noticed a manticore
  8438 | D:10     | Killed a manticore
  8542 | D:9      | Reached skill level 1 in Spellcasting
  8587 | D:10     | Noticed a boulder beetle
  8741 | D:10     | Noticed a manticore
  8810 | D:10     | Killed a manticore
  8834 | D:10     | Noticed a boulder beetle
  8882 | D:10     | Killed a boulder beetle
  8883 | D:10     | Reached skill level 13 in Maces & Flails
  9133 | D:10     | Reached **** piety under Fedhas
  9134 | D:10     | Reached XP level 12. HP: 56/56 MP: 21/21
  9189 | D:10     | Noticed Maurice
  9205 | D:10     | Killed Maurice
  9206 | D:10     | Noticed a centaur warrior
  9230 | D:10     | Killed a centaur warrior
  9285 | D:10     | Killed a boulder beetle
  9326 | D:10     | Noticed a centaur warrior
  9341 | D:10     | Killed a centaur warrior
  9921 | D:11     | Noticed a two-headed ogre
  9960 | D:10     | Killed a two-headed ogre
 10351 | D:11     | Found a staircase to the Orcish Mines.
 10724 | Lair:1   | Entered Level 1 of the Lair of Beasts
 12278 | D:4      | Killed iNFECTIOUSiTCH's ghost
 12489 | D:8      | Killed a two-headed ogre
 12538 | Lair:2   | Found a hole to the Spider Nest.
 12616 | Lair:2   | Noticed a six-headed hydra
 12641 | Lair:2   | Killed a six-headed hydra
 12680 | Lair:2   | Reached skill level 5 in Fighting
 12680 | Lair:2   | Reached skill level 5 in Shields
 12690 | Lair:2   | Reached XP level 13. HP: 55/63 MP: 22/22
 12701 | Lair:2   | Noticed Maggie
 12723 | Lair:2   | Killed Maggie
 12809 | Lair:2   | Found a staircase to the Shoals.
 12908 | Lair:2   | Reached ***** piety under Fedhas
 13068 | Lair:2   | Reached skill level 5 in Spellcasting
 13170 | Lair:2   | Reached skill level 5 in Armour
 13913 | Lair:3   | Noticed Nergalle
 13969 | Lair:3   | Killed Nergalle
 14110 | Lair:3   | Reached skill level 14 in Maces & Flails
 14843 | Lair:4   | You fall into a shaft and drop 2 floors!
 14843 | Lair:6   | Entered Level 6 of the Lair of Beasts
 15002 | Lair:4   | Noticed Rupert
 15010 | Lair:4   | Noticed Josephine
 15058 | Lair:4   | Was placed under penance by Fedhas
 15088 | Lair:4   | Killed Rupert
 15089 | Lair:4   | Reached skill level 1 in Evocations
 15089 | Lair:4   | Reached XP level 14. HP: 27/70 MP: 24/24
 15098 | Lair:4   | Killed Josephine
 16591 | Lair:5   | Was forgiven by Fedhas
 16863 | Lair:5   | Found a large runed translucent door.
 16864 | Lair:5   | Found a large runed translucent door.
 16865 | Lair:5   | Noticed Diuce's ghost (journeyman OpEE)
 17045 | Lair:5   | Killed Diuce's ghost
 17564 | D:6      | Bought the amulet of the Establishment {RegenMP rF+ SInv}
                  | for 578 gold pieces
 17844 | Lair:6   | Noticed a dire elephant
 17844 | Lair:6   | Noticed a dire elephant
 17844 | Lair:6   | Noticed a dire elephant
 17844 | Lair:6   | Noticed a dire elephant
 18448 | Lair:6   | Reached XP level 15. HP: 73/76 MP: 27/27
 19203 | Lair:6   | Found a staircase to the Slime Pits.
 19904 | Lair:6   | Reached skill level 5 in Evocations
 20559 | Orc:1    | Entered Level 1 of the Orcish Mines
 20650 | Orc:2    | Entered Level 2 of the Orcish Mines
 21094 | Orc:2    | Found Numo's Antique Armour Shoppe.
 21921 | Orc:2    | Found a staircase to the Elven Halls.
 22128 | Orc:2    | Paralysed by an orc sorcerer for 2 turns
 22247 | Orc:2    | Found Fishu's Jewellery Shoppe.
 22248 | Orc:2    | Found Awkonius's Antique Weapon Shop.
 22248 | Orc:2    | Found Vihoun's General Store.
 22350 | Orc:2    | Bought a runed flail for 201 gold pieces
 22403 | Orc:2    | Reached ****** piety under Fedhas
 22559 | Orc:1    | Found Quadayd's Jewellery Boutique.
 22736 | Orc:1    | Found a shimmering blue altar of Sif Muna.
 22950 | D:12     | Noticed Nessos
 23058 | D:12     | Killed Nessos
 23527 | D:12     | HP: 2/78 [manticore/volley of spikes (9)]
 23529 | D:12     | Killed from afar by a manticore

Illustrated notes

Levels and vault maps discovered:
D:1:      lemuel_arrival_cross, layout_loops_ring,
          hellmonk_ecumenical_altar_zigzags
D:2:      layout_rooms, uniq_terence, uniq_natasha
D:3:      layout_loops_ring, uniq_jessica
D:4:      minmay_general_purpose_star, layout_basic, kennysheep_little_box,
          grunt_dithmenos_smoke_and_mirrors, gammafunk_temple_overflow_claw,
          temple_green, biasface_ghost_orc_armoury, serial_curves,
          eino_curves_02, eino_curves_01, eino_curves_01, abandoned_shop,
          kennysheep_small_spiral, uniq_pikel
D:5:      cheibrodos_fzero, layout_rooms, st_stairs_11
D:6:      layout_basic, serial_shops, nicolae_shop_stone, nicolae_shop_trees,
          shop, nicolae_shop_stone, kennysheep_mini
D:7:      layout_basic, amcnicky_altar_gilded, lemuel_round_altar, serial_shops,
          shop, uniq_menkaure
D:8:      layout_loops_corners, lemuel_coloured_pillars_altar, serial_shops,
          shop, minmay_pinched_square, uniq_harold, uniq_joseph
D:9:      layout_loops_corners, erik_lair_orcish_takeover, minmay_bent
D:10:     minmay_cut_squares, layout_gridville, uniq_maurice
D:11:     layout_long_grid, orc_0_dummy
D:12:     layout_basic, minmay_microvault, uniq_jorgrun, uniq_nessos
Lair:1:   layout_cave_pods
Lair:2:   layout_regular_city, minmay_shoals_entry_beasts, spider_nest_entry_a,
          uniq_maggie
Lair:3:   nzn_winding_woodlands_three_and_one
          [nzn_winding_woodlands_5x15_sawtooth,
          nzn_winding_woodlands_5x15_lazy_stream,
          nzn_winding_woodlands_5x15_jagged,
          nzn_winding_woodlands_center_diamonds], layout_loops_ring,
          gammafunk_lair_bear_cave, uniq_nergalle
Lair:4:   layout_long_grid, chequers_serial_rivers_large_b, grunt_megastairs_3,
          uniq_josephine, uniq_rupert
Lair:5:   cheibrodos_lair_river_kwai, layout_cave_shapes,
          ebering_ghost_disaster_area
Lair:6:   due_jungle_book, layout_gridlike, minmay_slime_entry_oklob_enclosed
Orc:1:    layout_caves, serial_shops, shop_coins, led_sif_book
Orc:2:    st_orc_elflike, layout_diamond_mine, roderic_batcave

Skill      XL: |  1  2  3  4  5  6  7  8  9 10 11 12 13 14 15 |
---------------+----------------------------------------------+-----
Maces & Flails | 2 3 4 5 7 8 9 11 13 14 | 14.0
Invocations    | 4 6 8 10 11 12 13 | 13.6
Spellcasting   | 2 4 6 7 9 |  9.1
Fighting       | 3 5 6 7 8 |  8.9
Shields        | 3 5 6 7 8 |  8.7
Armour         | 3 4 5 7 8 |  8.0
Evocations     | 1 4 5 |  5.9

Action                   |  1- 3 |  4- 6 |  7- 9 | 10-12 | 13-15 || total
-------------------------+-------+-------+-------+-------+-------++-------
Melee: Flail             |    98 |   134 |       |       |       ||   232
       Bite              |    29 |    45 |    65 |   305 |  1235 ||  1679
       Morningstar       |       |    16 |       |       |       ||    16
       Whip              |       |       |   173 |   627 |  2312 ||  3112
Invok: Grow Ballistomyce |       |       |       |     5 |     4 ||     9
       Overgrow          |       |       |       |     1 |     4 ||     5
  Use: Scroll            |       |       |     6 |     7 |     9 ||    22
       Potion            |       |       |       |     1 |     3 ||     4
 Stab: Confused          |       |       |       |     3 |     3 ||     6
       Distracted        |       |       |       |     3 |     1 ||     4
Armor: Scale mail        |    47 |    48 |    38 |       |       ||   133
       Plate armour      |       |       |     6 |    10 |       ||    16
       Ring mail         |       |       |       |    11 |       ||    11
       Chain mail        |       |       |       |   183 |  1052 ||  1235
Dodge: Dodged            |    26 |    26 |    19 |    54 |   299 ||   424
Block: Kite shield       |    19 |       |       |       |   541 ||   560
       Tower shield      |    83 |   164 |   173 |   558 |  1431 ||  2409
       Reflection        |     3 |     3 |     3 |    19 |     4 ||    32

Table legend: (Time is in decaauts)
 A = Elapsed time spent in this place.
 B = Non-inter-level travel time spent in this place.
 C = Inter-level travel time spent in this place.
 D = Time resting spent in this place.
 E = Time spent auto-exploring this place.
 F = Levels seen in this place.
 G = Mean time per level.
                   A        B        C        D        E       F      G
               +--------+--------+--------+--------+--------+-----+--------+
         Total |  23461 |  21141 |   2320 |    961 |  12886 |  20 | 1173.1 |
       Dungeon |  12720 |  11163 |   1557 |    402 |   7335 |  12 | 1060.0 |
          Lair |   8466 |   7766 |    700 |    287 |   4781 |   6 | 1411.0 |
  Orcish Mines |   2274 |   2212 |     62 |    272 |    769 |   2 | 1137.0 |
               +--------+--------+--------+--------+--------+-----+--------+

Top non-repeatable levels by time:
  Lair:6: 2520 daAuts
     D:9: 1635 daAuts
     D:8: 1630 daAuts
     D:4: 1622 daAuts
  Lair:3: 1598 daAuts
    D:10: 1353 daAuts
  Lair:4: 1230 daAuts
   Orc:2: 1220 daAuts
  Lair:2: 1220 daAuts
     D:1: 1201 daAuts
   Orc:1: 1054 daAuts
  Lair:1: 1050 daAuts
     D:7: 975 daAuts
    D:11: 935 daAuts
     D:6: 850 daAuts
